AoeStats
← toomuchdog

Arabia

508583120Analyzed
2v2 RM · 10d ago on Sep 23, 2026· 45m 40s· 4 players
Game mode
Random Map
Map size
Medium (4 player)
Population
200
Speed
Normal
Resources
Standard
Victory
Conquest
Starting age
Dark Age
Ending age
Imperial Age
RankedLock teamsTeams togetherTeam positionsShared explorationLock speedFull tech treeHidden civsTurbo modeCheats
Victory
Defeat
🇨🇦 Saxons · Canada
1355
+14
🇨🇦 Burmese · Canada
1265
+17
🇺🇸 Danes · United States
1413
-20
🇺🇸 Varangians · United States
1181
-11
psuist305
6:09 Loom
9:24 Feudal Age
9:43 Man-at-Arms
10:14 Double-Bit Axe
16:09 Fletching
23:33 Castle Age
22:32 Padded Archer Armor
22:26 Horse Collar
23:08 Gold Mining
24:49 Wheelbarrow
24:49 Bow Saw
25:00 Bodkin Arrow
25:44 Husbandry
34:12 Gold Shaft Mining
34:07 Bloodlines
33:35 Pikeman
34:38 Forging
34:44 Leather Archer Armor
38:38 Imperial Age
37:26 Squires
38:03 Iron Casting
40:06 Ballistics
39:53 Heavy Mounted Crossbowman
43:32 Chemistry
42:49 Cranequins
43:45 Bracer
44:11 Thumb Ring
45:47 Hand Cart
46:15 Ring Archer Armor
RuneRam
6:40 Loom
9:58 Feudal Age
10:35 Horse Collar
10:52 Double-Bit Axe
21:19 Castle Age
21:32 Forging
22:06 Squires
22:10 Scale Mail Armor
23:19 Bow Saw
25:56 Iron Casting
26:22 Arson
27:29 Gambesons
29:04 Heavy Plow
30:23 Chain Mail Armor
32:59 Gold Mining
32:59 Stone Mining
36:01 Pikeman
44:04 Imperial Age
44:30 Elite Varangian Guard
46:32 Blast Furnace
toomuchdog
7:03 Loom
8:53 Feudal Age
11:46 Double-Bit Axe
21:15 Castle Age
19:23 Horse Collar
19:35 Gold Mining
20:22 Forging
21:49 Light Cavalry
22:40 Bloodlines
23:21 Wheelbarrow
23:05 Bow Saw
24:34 Hand Cart
25:14 Scale Mail Armor
25:49 Iron Casting
25:19 Squires
25:04 Gambesons
26:51 Chain Mail Armor
32:36 Fletching
32:40 Town Watch
35:57 Imperial Age
35:28 Iron Casting
35:50 Bodkin Arrow
36:02 Elite Varangian Guard
37:13 Plate Mail Armor
38:04 Gold Shaft Mining
37:20 Stone Mining
38:46 Ballistics
42:24 Bracer
42:21 Arson
43:11 Town Patrol
44:01 Conscription
43:05 Shield Wall
45:20 Conscription
45:46 Padded Archer Armor
Slicked Back Not Pushed
5:07 Loom
10:12 Feudal Age
12:07 Man-at-Arms
18:53 Horse Collar
23:14 Castle Age
21:57 Scale Barding Armor
22:16 Forging
22:37 Gold Mining
22:39 Stone Mining
23:41 Bloodlines
24:17 Chain Barding Armor
28:14 Husbandry
31:09 Town Watch
33:42 Wheelbarrow
33:34 Padded Archer Armor
34:24 Heavy Plow
39:28 Imperial Age
41:07 Elite Arambai
44:22 Fletching
Connection lost

Rejoining the realm…

Still unreachable

The connection could not be restored.

Session expired

The server has moved on; the page needs a fresh start.